 Dungeon Crawl Stone Soup version 0.17-a0-1942-g46ae386 (webtiles) character file.

330 ololoev the Slasher (level 6, -7/44 HPs)
             Began as a High Elf Fighter on Sept 30, 2015.
             Killed from afar by an orc wizard (11 damage)
             ... with a puff of flame
             ... on level 6 of the Dungeon.
             The game lasted 00:03:45 (483 turns).

ololoev the Slasher (High Elf Fighter)               Turns: 483, Time: 00:03:45

Health: -7/44      AC: 10    Str: 17    XL:     6   Next: 26%
Magic:  7/7        EV:  7    Int:  9    God:
Gold:   0          SH:  0    Dex: 15    Spells: 0 memorised, 5 levels left

rFire  . . .     SeeInvis .     a - +0 long sword
rCold  . . .     Clarity  .     i - +0 chain mail
rNeg   . . .     SustAt   .     (no shield)
rPois  .         Gourm    .     (helmet restricted)
rElec  .         Spirit   .     (no cloak)
rCorr  .         Warding  .     (no gloves)
rMut   .         Stasis   .     (no boots)
MR     +....                    q - amulet of faith
Stlth  ..........               k - -3 ring of intelligence (curse)
                                m - ring of protection from magic

@: very slightly contaminated, somewhat resistant to hostile enchantments,
extremely unstealthy
A: antennae 1, blink, shaggy fur 1
a: Blink


Innate Abilities, Weirdness & Mutations

You have a pair of small antennae on your head.
You can translocate small distances at will.
You are covered in fur (AC +1).

Inventory:

Hand weapons
 a - a +0 long sword (weapon)
Armour
 c - a +0 shield
 i - a +0 chain mail (worn)
Jewellery
 k - a cursed -3 ring of intelligence (right hand)
 m - a ring of protection from magic (left hand)
 n - an uncursed ring of see invisible
 q - an amulet of faith (around neck)
Scrolls
 b - a scroll of remove curse {unknown}
 h - a scroll of random uselessness {unknown}
 l - a scroll of teleportation {unknown}
Comestibles
 e - 2 bread rations
 g - a meat ration
 o - 3 chunks of flesh
 p - a fruit


   Skills:
 + Level 4.4 Fighting
 * Level 5.9 Long Blades
 + Level 3.9 Armour
 - Level 2.6 Shields


You had 5 spell levels left.
You didn't know any spells.


You were on level 6 of the Dungeon.
You were not hungry.

You visited 1 branch of the dungeon, and saw 6 of its levels.

.......[#
##5%......
#......#.#
#.........
#$o.......
#†........
#..){.<...
###..#####+##.##
#...>.o@........
#......##...####
+......+ ......+
#......# ...####
####...# ...#
#...# ...# #.$.#
?..# #...# ...#

Notes
Turn   | Place    | Note
--------------------------------------------------------------
     0 | D:1      | ololoev the High Elf Fighter began the quest for the Orb.
     0 | D:1      | Reached XP level 1. HP: 16/16 MP: 2/2
   190 | D:2      | Reached XP level 2. HP: 9/21 MP: 3/3
   323 | D:3      | Noticed Natasha
   326 | D:3      | Killed Natasha
   326 | D:3      | Reached XP level 3. HP: 18/26 MP: 4/4
   332 | D:3      | Noticed Natasha
   338 | D:3      | Killed Natasha
   402 | D:4      | Reached XP level 4. HP: 23/32 MP: 5/5
   404 | D:4      | You fall through a shaft for 3 floors!
   404 | D:7      | Noticed a giant frog
   412 | D:7      | Killed a giant frog
   412 | D:7      | Reached skill level 4 in Long Blades
   426 | D:7      | Noticed an orc warrior
   432 | D:6      | Noticed a two-headed ogre
   437 | D:6      | Killed a two-headed ogre
   437 | D:6      | Reached skill level 5 in Long Blades
   437 | D:6      | Reached XP level 5. HP: 30/38 MP: 6/6
   437 | D:6      | Reached XP level 6. HP: 34/44 MP: 7/7
   457 | D:6      | Gained mutation: You have a pair of small antennae on your head. [potion of mutation]
   457 | D:6      | Gained mutation: You are covered in fur (AC +1). [potion of mutation]
   457 | D:6      | Gained mutation: You can translocate small distances at will. [potion of mutation]
   471 | D:6      | HP: 2/44 [orc (2)]
   483 | D:6      | Killed from afar by an orc wizard

Dungeon Overview and Level Annotations

Branches:
Dungeon (7/15)
 Temple: D:4-7

Altars:


Message History

The orc wizard is almost dead.
The orc wizard points at you and mumbles some strange words.
The puff of flame hits you! The orc barely misses you.
You miss the orc wizard.
The orc wizard is almost dead.
The orc wizard hits you but does no damage.
The crimson imp hits you but does no damage.
You closely miss the orc wizard.
The orc wizard is almost dead.
The orc wizard hits you with a dagger. The orc hits you.
The crimson imp hits you but does no damage.
You aren't carrying any potions.
You miss the orc wizard.
The orc wizard is almost dead.
The orc wizard hits you but does no damage.
You catch the helpless orc wizard completely off-guard!
You hit the orc wizard but do no damage.
The orc wizard is almost dead.
The orc wizard hits you but does no damage.
The crimson imp hits you but does no damage.
The orc wizard barely misses you.
You hit the orc wizard but do no damage.
The orc wizard is almost dead.
The crimson imp blinks!
The orc wizard hits you but does no damage.
You flicker for a moment.
Found 3 scrolls labeled NAEZXAO TAQYE.
Your chain mail prevents you from hitting the orc.
The orc barely misses you.
You catch the helpless orc completely off-guard!
You hit the orc.
The orc is severely wounded.
The orc barely misses you.
You catch the helpless orc completely off-guard!
You slash the orc!
You kill the orc!
You flicker back into view.
The orc wizard points at you and mumbles some strange words.
The puff of flame hits you!
You die...

You could see an orc wizard.

Vanquished Creatures
  A two-headed ogre (D:6)
  A giant frog (D:7)
  Natasha (twice) (D:3)
  3 adders
  2 orcs
  3 goblins
  4 hobgoblins
  A kobold (D:2)
  2 quokkas (D:2)
  A bat (D:2)
  A giant newt (D:2)
  2 rats
23 creatures vanquished.

Action                   |  1- 3 |  4- 6 || total
-------------------------+-------+-------++-------
Melee: Long sword        |    56 |    48 ||   104
Evoke: Wand              |     7 |       ||     7
  Use: Potion            |       |     4 ||     4
 Stab: Invisible         |       |     5 ||     5

Vault maps used:
D:1:      mrwooster_arrival_statue_2
D:2:      minitemple, first_bread, makhleb_blood_cavern_becter
D:3:      kennysheep_generic_room_4, uniq_natasha
D:4:      okawaru_ov_weapons_minmay, uniq_edmund
D:6:      elyvilon_altar_5, serial_shops, shop
D:7:      lemuel_doored_altar, tgw_xom, minmay_temple_entry_glassed_door,
          grunt_ministairs_10, fedhas_altar_2
